 Dungeon Crawl Stone Soup version 0.17-a0-1632-g0af21bd (webtiles) character file.

583502 MackTheKnife the Acrobat (level 27, -1/205 HPs)
             Began as a Halfling Fighter on Aug 3, 2015.
             Was the Champion of the Shining One.
             Hit by a large rock thrown by a stone giant (6 damage)
             ... created by the fury of Okawaru
             ... on level 3 of the Crypt.
             The game lasted 03:25:15 (80500 turns).

MackTheKnife the Acrobat (Halfling Fighter)        Turns: 80500, Time: 03:25:15

Health: -1/205     AC: 37    Str: 16    XL:     27
Magic:  43/43      EV: 25    Int:  7    God:    the Shining One [******]
Gold:   4310       SH:  0    Dex: 28    Spells: 1 memorised, 23 levels left

rFire  + + +     SeeInvis +     a - +4 double sword (elec)
rCold  + + .     Clarity  .     Q - +6 plate armour of Optimism {rF+++ rN+ Int-3 Stlth-}
rNeg   + + +     SustAt   .     (shield restricted)
rPois  +         Gourm    .     A - +2 helmet {SInv}
rElec  +         Spirit   .     L - +2 cloak {MR+}
rCorr  +         Warding  +     h - +0 pair of gloves of Tiujal {rC+ rCorr}
rMut   .         Stasis   .     q - +2 pair of boots {run}
MR     +++++                    D - macabre finger necklace {Ward rN+}
Stlth  ++........               X - ring "Naluhadi" {rC+ MR+ Dex-2 Slay+6}
                                y - ring of poison resistance {rPois, !d}
                                U - ring "Firghiwe" {rElec MR+ MP+9 Dex+6}

@: very slightly contaminated, hasted, glowing, very quick, almost entirely
resistant to hostile enchantments, unstealthy
A: mutation resistance 1
a: Divine Shield, Cleansing Flame, Summon Divine Warrior, Renounce Religion
}: 3/15 runes: barnacled, silver, gossamer


You were on level 3 of the Crypt.
You worshipped the Shining One.
The Shining One was exalted by your worship.
You were very hungry.

You visited 10 branches of the dungeon, and saw 52 of its levels.
You visited the Abyss 3 times.
You also visited: Labyrinth, Trove, Ice Cave and Wizlab.

You collected 7321 gold pieces.
You spent 2985 gold pieces at shops.

Inventory:

Hand weapons
 a - a +4 double sword of electrocution (weapon)
   (Okawaru gifted it to you on level 2 of the Vaults)
Armour
 h - the +0 pair of gloves of Tiujal (worn) {rC+ rCorr}
   (You found it on level 3 of the Shoals)

   It protects you from cold.
   It protects you from acid and corrosion.
 i - the +6 crystal plate armour of Okawaru's Favour {Int+5}
   (Okawaru gifted it to you on level 4 of the Depths)

   It affects your intelligence (+5).
 k - the +2 pair of boots of the Assassin {DetectMon Stab+ Stlth++}
   (Okawaru gifted it to you on level 6 of the Lair of Beasts)

   It makes you much more stealthy.
 q - a +2 pair of boots of running (worn)
   (Okawaru gifted it to you on level 2 of the Vaults)
 A - a +2 helmet of see invisible (worn)
   (You found it in a treasure trove)
 L - a +2 cloak of magic resistance (worn)
   (You acquired it on level 8 of the Dungeon)
 Q - the +6 plate armour of Optimism (worn) {rF+++ rN+ Int-3 Stlth-}
   (Okawaru gifted it to you on level 3 of the Depths)

   It affects your intelligence (-3).
   It renders you almost immune to fire.
   It protects you from negative energy.
   It makes you less stealthy.
Jewellery
 u - an uncursed ring of flight {+Fly, !d}
   (You found it in a labyrinth)
 y - a ring of poison resistance (left hand) {rPois, !d}
   (You bought it in a shop on level 4 of the Orcish Mines)
 B - the ring of Gluttony {rF++ Stlth+}
   (You found it on level 3 of the Elven Halls)

   [ring of stealth]

   It greatly protects you from fire.
   It makes you more stealthy.
 D - the macabre finger necklace (around neck) {Ward rN+}
   (You bought it in a shop on level 4 of the Orcish Mines)

   [amulet of warding]

   It may prevent the melee attacks of summoned creatures.
   It protects you from negative energy.
 F - an uncursed amulet of resist mutation {rMut, !d}
   (You bought it in a shop on level 4 of the Orcish Mines)
 U - the ring "Firghiwe" (on amulet) {rElec MR+ MP+9 Dex+6}
   (You found it on level 3 of the Vaults)

   [ring of magical power]

   It affects your dexterity (+6).
   It insulates you from electricity.
   It affects your resistance to hostile enchantments.
   It affects your magic capacity (+9).
 X - the ring "Naluhadi" (right hand) {rC+ MR+ Dex-2 Slay+6}
   (You found it in a wizard's laboratory)

   [ring of slaying]

   It affects your dexterity (-2).
   It affects your accuracy and damage with ranged weapons and melee attacks
   (+6).
   It protects you from cold.
   It affects your resistance to hostile enchantments.
Magical devices
 e - a wand of heal wounds (0)
   (You acquired it on level 5 of the Vaults)
 j - a wand of digging (1)
   (You found it on level 8 of the Lair of Beasts)
 K - a wand of disintegration (4)
   (You found it on level 2 of the Elven Halls)
 M - a wand of teleportation (6)
   (You found it on level 1 of the Depths)
 R - a wand of digging (20)
   (You found it on level 14 of the Dungeon)
Scrolls
 n - 6 scrolls of enchant armour
 p - 3 scrolls of summoning
 s - 7 scrolls of fear
 w - 3 scrolls of magic mapping {!r}
 C - 5 scrolls of fog
 G - 15 scrolls of remove curse
 P - a scroll of holy word {!r}
Potions
 d - 9 potions of haste
 g - 8 potions of agility
 o - 2 potions of resistance
 r - 13 potions of curing
 v - 5 potions of cure mutation {!q}
 E - 6 potions of cancellation
 H - 2 potions of magic
 T - 4 potions of brilliance
 Y - 4 potions of might
 Z - 4 potions of flight
Miscellaneous
 c - a sack of spiders {used: 1}
   (You found it on level 2 of the Elven Halls)
 l - a box of beasts
   (You found it on level 1 of the Depths)
 z - a phial of floods
   (You found it on level 3 of the Elven Halls)
Comestibles
 f - 15 slices of pizza
 m - 19 meat rations {@e2}
 I - 39 fruits
 N - 5 royal jellies


   Skills:
 - Level 21.1 Fighting
 - Level 18.8 Long Blades
 - Level 18.0 Armour
 - Level 21.3 Dodging
 - Level 19.6 Stealth
   Level 4.6 Shields
 + Level 15.0 Invocations
 - Level 14.4 Evocations


You had 23 spell levels left.
You knew the following spells:

 Your Spells              Type           Power        Failure   Level  Hunger
r - Regeneration          Chrm/Necr      #.........   100%        3    ####...


Dungeon Overview and Level Annotations

Branches:
Dungeon (15/15)            Temple (1/1) D:7            Lair (8/8) D:8
 Shoals (4/4) Lair:5       Spider (4/4) Lair:6        Slime (0/6) Lair:8
    Orc (4/4) D:11            Elf (3/3) Orc:4        Vaults (5/5) D:14
  Crypt (3/3) Vaults:3       Tomb (0/3) Crypt:3      Depths (5/5) D:15
    Zot (0/5) Depths:5

Altars:
Ashenzari
Cheibriados
Dithmenos
Elyvilon
Fedhas
Gozag
Kikubaaqudgha
Makhleb
Nemelex Xobeh
Okawaru
Qazlal
Ru
Sif Muna
Trog
Vehumet
Xom
Yredelemnul
Zin
The Shining One
Beogh
Jiyva
Lugonu

Shops:
D:10 [   Orc:1 :   Orc:2 [   Orc:3 ?   Orc:4 [==(   Elf:3 =([=(   Vaults:1 }
Vaults:5 !%%   Depths:4 [

Portals:
Hell: Depths:1 Depths:2 Depths:3 Depths:4 Depths:5
Abyss: Depths:2 Depths:4 Depths:5
Pandemonium: Depths:1 Depths:3
Ziggurat: Depths:5

Annotations:
Lair:2 exclusion: hydra
Lair:7 exclusions: Snorg and hydra
Vaults:5 Jory
Depths:1 1 runed door, exclusions: door and statue


Innate Abilities, Weirdness & Mutations

You are small and have problems with some larger weapons.
You are somewhat resistant to further mutation.


Message History

You take 32 damage, and have 35/205 hp.
Unknown command.
You feel much better.
This wand has 1 charge left.
The titan closely misses you.
The deep elf blademaster hits you with a short sword.
* * * LOW HITPOINT WARNING * * *
The deep elf blademaster hits you but does no damage.
The fire giant hits you with a great sword of flaming!!
* * * LOW HITPOINT WARNING * * *
The fire giant burns you.
* * * LOW HITPOINT WARNING * * *
The stone giant barely misses you.
You take 7 damage, and have 28/205 hp.
You feel much better.
This wand has 0 charges left.
Your surroundings suddenly seem different.
You regained 26 hp, and now have 54/205 hp.
You start resting.
You are feeling very hungry.
You regained 47 hp, and now have 110/205 hp.
You start resting.
You regained 23 hp, and now have 133/205 hp.
Unknown command.
A titan is nearby!
You are caught in the web!
There is a web here.
You struggle to detach yourself from the web.
You struggle to detach yourself from the web.
You struggle to detach yourself from the web.
The web tears apart.
You start resting.
Okawaru sends forces against you! 2 stone giants, a fire giant, a frost giant and a titan come into view.
You regained 9 hp, and now have 146/205 hp.
You slice the frost giant like a ripe choko!!!
There is a sudden explosion of sparks!
You slice the frost giant!! You hit the frost giant.
There is a sudden explosion of sparks!
The titan hits you but does no damage. The frost giant barely misses you.
You slice the frost giant!!
There is a sudden explosion of sparks!
You kill the frost giant!
That felt strangely unrewarding.
The titan hits you!!
The stone giant throws a large rock.
The large rock hits you!!
The large rock disappears in a puff of smoke!
You take 60 damage, and have 87/205 hp.
MASSIVE DAMAGE!!
The stone giant closely misses you.
You slash the stone giant! You slice the titan!! The stone giant hits you.
The titan hits you!!!
* * * LOW HITPOINT WARNING * * *
You hear a shout!
You take 38 damage, and have 50/205 hp.
You slash the titan!
The stone giant hits you but does no damage.
The titan hits you but does no damage.
You slash the titan!
Okay, then.
Drink which item? (? for menu, Esc to quit)
You feel much better. The stone giant barely misses you.
The titan waves its arms in wide circles.
The air twists around and strikes you!
* * * LOW HITPOINT WARNING * * *
You regained 8 hp, and now have 59/205 hp.
Drink which item? (? for menu, Esc to quit)
You feel much better. The titan hits you! The stone giant hits you!
* * * LOW HITPOINT WARNING * * *
You slice the titan!! The stone giant closely misses you.
The titan completely misses you.
You hit the titan. The titan hits you!
* * * LOW HITPOINT WARNING * * *
The stone giant hits you!
* * * LOW HITPOINT WARNING * * *
You take 20 damage, and have 40/205 hp.
You slash the titan!
Read which item? (? for menu, Esc to quit)
Really read
b - a scroll of blinking {!r}?
Blink to where?
You are very lightly contaminated with residual magic.
As you read the scroll of blinking {!r}, it crumbles to dust.
The stone giant throws a large rock.
The large rock misses you.
The large rock disappears in a puff of smoke!
The titan mumbles some strange words.
The titan is healed somewhat.
Drink which item? (? for menu, Esc to quit)
Okay, then.
Drink which item? (? for menu, Esc to quit)
You feel yourself speed up.
The stone giant shouts!
The titan waves its arms in wide circles.
The air twists around and strikes you!
The titan casts a spell.
The titan is healed somewhat.
Unknown command.
The stone giant throws a large rock.
The large rock hits you!!
* * * LOW HITPOINT WARNING * * *
The large rock disappears in a puff of smoke!
The titan hits you!!
* * * LOW HITPOINT WARNING * * *
You take 37 damage, and have 5/205 hp.
The stone giant throws a large rock.
The large rock hits you.
You die...

#.# #.# #.##########C#
#............# #..###.###..##
#..#.....#..# ###
#..#.....#..# ..#
#.........C.#
..####..#.CC..#..############
.....#..#.....#.@##.........#
####....###.###..##..)......#
####.............##.........#
........................[#
........#.......##.....#.####
#...###.........##..........#
....# ###...##.######....<..#
|.### #..###.# #).......#
..########.##..### #...#.####


You could see a titan and a stone giant.

Vanquished Creatures
  An ancient lich (Vaults:5)
  A greater mummy (Crypt:3)
  Boris (Vaults:3)
  Frederick (Depths:1)
  6 caustic shrikes
  A profane servitor (Abyss:1)
  2 bone dragons
  Jorgrun (Crypt:3)
  A moon troll (WizLab)
  4 liches
  5 tentacled monstrosities
  The ghost of trantor the Crack Shot, a mighty HEHu of Okawaru (Vaults:2)
  6 titans
  6 deep elf blademasters
  2 deep elf master archers
  4 quicksilver dragons
  5 sphinxes
  9 ancient champions
  The ghost of Amnekian the Grappler, a mighty TrWr of Ashenzari (Shoals:1)
  Gastronok (Orc:2)
  An eldritch tentacle (Depths:1)
  A kraken (Shoals:4)
  15 tentacled starspawn
  Agnes (Vaults:4)
  Frances (D:14)
  2 storm dragons
  2 revenants (Crypt:3)
  A draconian monk (Depths:5)
  8 tengu reavers
  6 shadow dragons
  2 azure jellies (Depths:1)
  Ilsuiw (Shoals:4)
  Wiglaf (Vaults:4)
  17 fire giants
  14 frost giants
  14 deep elf sorcerers
  An iron dragon (Depths:3)
  2 ghost moths
  Louise (Spider:4)
  19 vault wardens
  A curse skull (Crypt:2)
  4 emperor scorpions
  A draconian shifter (Depths:5)
  3 ghouls
  An orc warlord (Orc:1)
  A cacodemon (WizLab)
  A reaper (Depths:1)
  3 draconian annihilators (Depths:1)
  A spriggan defender (Vaults:4)
  32 stone giants
  17 very ugly things
  16 ironheart preservers
  13 starcursed masses (WizLab)
  A draconian caller (Depths:5)
  Nessos (D:14)
  2 green draconians
  14 dire elephants (Depths:4)
  A black draconian (Depths:5)
  13 deep elf annihilators
  5 deep elf demonologists
  2 white draconians
  A lorocyproca (Depths:4)
  4 salamander stormcallers
  5 vampire knights
  A mottled draconian (Depths:5)
  2 yellow draconians (Depths:5)
  4 deep elf death magi
  2 eidola
  Snorg (Lair:7)
  3 merfolk javelineers
  A minotaur (Lab)
  2 crystal guardians (WizLab)
  9 merfolk impalers
  7 ettins
  48 vault guards
  15 jiangshi
  A green death (Abyss:1)
  Josephine (Orc:3)
  8 deep elf high priests
  6 entropy weavers
  Erolcha (Orc:1)
  17 great orbs of eyes
  10 ice dragons
  A hydra (shapeshifter) (Depths:1)
  6 fire dragons
  15 yaktaur captains
  5 hydras
  15 ogre magi
  5 rakshasas
  Harold (Lair:1)
  2 quicksilver dragon skeletons (Crypt:2)
  7 centaur warriors
  5 merfolk avatars
  A monstrous demonspawn (Depths:1)
  A death knight (Crypt:2)
  6 statues (Depths:1)
  The ghost of Xiguana the Archer, a powerful SpHu of Okawaru (Lair:3)
  3 spriggan air magi
  4 catoblepae
  11 deep troll shamans
  17 dancing weapons
  4 merfolk aquamancers
  13 deep troll earth magi
  4 thrashing horrors
  19 death yaks (Lair:8)
  4 satyrs
  8 vampire magi
  2 spriggan berserkers (Depths:5)
  An orc high priest (Elf:3)
  3 tengu warriors
  Urug (Orc:1)
  3 soul eaters
  7 hell knights (Depths:5)
  Sonja (D:13)
  Nergalle (D:12)
  A fire crab (Vaults:2)
  9 shadow wraiths
  9 hell hogs
  A deep troll (shapeshifter) (Depths:1)
  4 wretched stars
  An unseen horror (shapeshifter) (Depths:1)
  A death drake (Depths:1)
  34 skeletal warriors
  3 iron trolls
  14 large abominations
  7 wizards
  12 giant orange brains
  20 deep elf knights
  32 deep trolls
  2 storm dragon skeletons
  13 sea snakes
  16 ironbrand convokers
  4 unseen horrors
  5 ice statues
  5 deep elf summoners
  An infernal demonspawn (Depths:1)
  5 necromancers
  6 phantasmal warriors
  26 deep elf conjurers
  12 orc knights
  A putrid demonspawn (Depths:1)
  6 harpies
  A golden dragon skeleton (Crypt:3)
  8 hill giants
  9 orb spiders
  11 griffons
  6 fauns
  8 flayed ghosts
  A mana viper (Depths:1)
  A lindwurm (shapeshifter) (Depths:1)
  20 wolf spiders
  A mana viper (shapeshifter) (Vaults:3)
  4 cyclopes
  A lindwurm (Depths:1)
  A faun (shapeshifter) (Depths:1)
  4 orc sorcerers
  A moth of wrath (shapeshifter) (Depths:1)
  49 ugly things
  7 manticores
  5 water nymphs
  A frost giant zombie (Abyss:1)
  6 hornets (Spider:4)
  An apocalypse crab (Abyss:3)
  3 moths of wrath
  19 vault sentinels
  6 elephants
  A human skeleton (Vaults:3)
  A stone giant skeleton (Crypt:3)
  Maurice (D:12)
  A hornet (shapeshifter) (Elf:1)
  A worldbinder (Abyss:3)
  3 naga magi (Depths:1)
  An orange crystal statue (WizLab)
  9 black mambas
  4 sirens
  A storm dragon simulacrum (Vaults:3)
  2 molten gargoyles (Depths:1)
  21 eyes of devastation
  A fire giant skeleton (Vaults:3)
  3 torpor snails
  A spiny frog (shapeshifter) (Vaults:2)
  A smoke demon (Abyss:1)
  A dire elephant skeleton (Crypt:2)
  5 gargoyles
  9 spiny frogs
  An alligator snapping turtle skeleton (Crypt:2)
  45 yaktaurs
  12 demonic crawlers
  7 trolls
  4 tengu conjurers
  4 kobold demonologists
  A minotaur zombie (Lab)
  17 deep elf priests
  8 blue devils (IceCv)
  A fire drake (Lair:7)
  4 komodo dragons
  3 harpy zombies
  4 ancient zymes
  A hellwing (Depths:1)
  27 merfolk
  An efreet (D:14)
  A queen bee (shapeshifter) (Depths:3)
  2 yaktaur skeletons
  3 polar bears
  A wind drake (shapeshifter) (Depths:1)
  4 freezing wraiths
  6 snapping turtles
  A wind drake (Shoals:3)
  28 slime creatures
  A shadow dragon simulacrum (Crypt:2)
  A harpy skeleton (Crypt:3)
  8 boulder beetles
  A bog body (Crypt:2)
  17 jumping spiders
  2 griffon zombies (Shoals:2)
  4 raiju (Abyss:3)
  29 two-headed ogres
  2 frost giant simulacra
  An ice dragon zombie (Crypt:3)
  6 blink frogs
  12 flying skulls
  22 trapdoor spiders
  A fire dragon zombie (Crypt:2)
  A black mamba zombie (Crypt:3)
  2 human simulacra (Vaults:3)
  2 shadows (Lab)
  11 tarantellas
  A spriggan (shapeshifter) (Depths:1)
  3 wyverns
  A ynoxinul (Abyss:1)
  Sigmund (D:2)
  2 yaks (shapeshifter)
  5 air elementals (Depths:4)
  33 redbacks
  A trapdoor spider (shapeshifter) (Vaults:5)
  9 hippogriffs
  12 vampires
  A human (D:7)
  62 yaks
  7 neqoxecs
  12 wraiths
  4 water elementals
  29 deep elf magi
  2 fire elementals (Depths:1)
  Eustachio (D:6)
  4 basilisks
  5 fire bats (Abyss:1)
  15 vampire mosquitoes
  A hog (Depths:1)
  3 hippogriffs (shapeshifter)
  3 golden eyes
  6 mottled dragons
  A yaktaur simulacrum (Depths:1)
  2 chaos spawn (Abyss:1)
  2 spatial vortices (Depths:1)
  A water moccasin (shapeshifter) (Vaults:3)
  2 wargs
  23 deep elf fighters
  Edmund (D:5)
  5 insubstantial wisps (Depths:1)
  19 wolves
  2 hydra simulacra (Depths:1)
  3 ice beasts
  8 porcupines
  17 water moccasins
  6 wasps
  2 black bears
  An ettin simulacrum (Vaults:1)
  6 hell hounds
  A centaur (shapeshifter) (Depths:5)
  4 necrophages
  5 spiders
  36 orc warriors
  An eye of draining (shapeshifter) (Vaults:5)
  2 phantoms
  2 eyes of draining
  A sky beast (D:10)
  A fire dragon simulacrum (Depths:1)
  9 boggarts
  A ghost crab zombie (Crypt:1)
  A hog zombie (Crypt:1)
  An ice dragon simulacrum (Crypt:3)
  A snapping turtle skeleton (Crypt:3)
  32 centaurs
  10 crocodiles
  58 ogres
  Blork the orc (D:6)
  A komodo dragon zombie (Crypt:3)
  2 brain worms
  2 wyvern zombies
  22 giant frogs
  4 big kobolds
  12 small abominations
  A killer bee (shapeshifter) (Depths:1)
  4 scorpions
  10 wights
  A tengu zombie (Depths:1)
  10 killer bees
  2 scorpions (shapeshifter)
  A vampire bat (Depths:1)
  3 electric eels
  4 draconian simulacra (IceCv)
  7 crimson imps
  17 orc priests
  2 giant frog zombies
  A centaur zombie (D:7)
  10 human zombies (Crypt:1)
  5 quasits
  7 centaur skeletons
  An iron imp (Abyss:1)
  7 hounds
  3 jellies
  6 giant frog skeletons
  9 worker ants
  9 iguanas
  29 orc wizards
  A basilisk skeleton (Crypt:3)
  A two-headed ogre skeleton (Crypt:3)
  A hell rat (Crypt:2)
  A killer bee zombie (D:6)
  6 troll simulacra
  46 sheep
  A naga zombie (Crypt:1)
  2 worker ant zombies (D:6)
  9 gnolls
  5 naga simulacra
  11 adders
  A steam dragon skeleton (Crypt:3)
  56 river rats
  7 shadow imps
  3 ufetubi (Abyss:1)
  A worm zombie (Crypt:2)
  A halfling zombie (Crypt:2)
  An ooze (D:5)
  An adder skeleton (D:6)
  An adder zombie (D:9)
  2 worms
  7 giant geckos
  142 orcs
  5 giant cockroaches
  11 hobgoblins
  3 jackals (D:1)
  11 kobolds
  8 quokkas
  A ball python (D:4)
  A ball python zombie (Crypt:3)
  10 bats
  3 giant newts
  8 goblins
  A goblin skeleton (D:8)
  A goblin zombie (D:8)
  2 hobgoblin zombies (D:8)
  A jackal zombie (D:6)
  2 orc skeletons
  6 rats
  5 crawling corpses
  3 fire vortices
  10 starspawn tentacles
2510 creatures vanquished.

Vanquished Creatures (collateral kills)
  An emperor scorpion (Spider:4)
  A giant orange brain (Depths:2)
  2 orb spiders (Spider:4)
  A moth of wrath (shapeshifter) (Vaults:5)
  A demonic crawler (Spider:4)
  2 tarantellas (Spider:4)
  A trapdoor spider (Spider:4)
  A wasp (Spider:4)
10 creatures vanquished.

Vanquished Creatures (others)
  A fire giant (Crypt:3)
  A deep elf high priest (Elf:3)
  A rakshasa (Vaults:2)
  A deep elf knight (Crypt:3)
  An orc knight (Vaults:2)
  2 yaktaurs
  A merfolk (Shoals:3)
  A deep elf mage (Crypt:3)
  A vampire mosquito (Vaults:3)
  A deep elf fighter (Elf:2)
  A spatial vortex (Depths:1)
  An orc warrior (Vaults:2)
  A wasp (Spider:4)
  2 boggarts
  2 ogres
  A necrophage (D:10)
  An orc wizard (D:12)
  A small abomination (Abyss:1)
  4 orcs
  2 bushes
  33 eldritch tentacle segments
  9 fire vortices
  83 fungi
  2 lost souls
  78 plants
  20 starspawn tentacles
  218 starspawn tentacle segments
  9 tentacles
  260 tentacle segments
739 creatures vanquished.

Grand Total: 3259 creatures vanquished

Notes
Turn   | Place    | Note
--------------------------------------------------------------
     0 | D:1      | MackTheKnife the Halfling Fighter began the quest for the Orb.
     0 | D:1      | Reached XP level 1. HP: 15/15 MP: 1/1
    96 | D:1      | Reached XP level 2. HP: 17/20 MP: 2/2
   102 | D:1      | Reached skill level 3 in Long Blades
   341 | D:1      | Reached XP level 3. HP: 22/25 MP: 3/3
   900 | D:2      | HP: 6/25 [poisoned by an adder]
   906 | D:2      | HP: 5/25 [poisoned by an adder]
   914 | D:2      | HP: 4/25 [poisoned by an adder]
  1214 | D:2      | Reached skill level 4 in Long Blades
  1214 | D:2      | Reached XP level 4. HP: 25/30 MP: 4/4
  1786 | D:3      | Noticed Sigmund
  1796 | D:2      | Killed Sigmund
  1796 | D:2      | Reached skill level 6 in Long Blades
  1796 | D:2      | Reached XP level 5. HP: 29/35 MP: 5/5
  1796 | D:2      | Reached XP level 6. HP: 33/41 MP: 6/6
  2705 | D:3      | Reached skill level 7 in Long Blades
  2705 | D:3      | Reached XP level 7. HP: 19/45 MP: 7/7
  3049 | D:4      | HP: 2/45 [ogre/giant spiked club (24)]
  3821 | D:4      | Reached skill level 8 in Long Blades
  3945 | D:4      | Reached XP level 8. HP: 23/51 MP: 8/8
  4335 | D:5      | Entered Level 5 of the Dungeon
  4557 | D:5      | Reached skill level 3 in Fighting
  4586 | D:5      | HP: 13/52 [poisoned by a gnoll]
  4591 | D:5      | HP: 11/52 [poisoned by a gnoll]
  4598 | D:5      | HP: 9/52 [poisoned by a gnoll]
  4605 | D:5      | HP: 8/52 [poisoned by a gnoll]
  4613 | D:5      | HP: 7/52 [poisoned by a gnoll]
  5026 | D:5      | Found a burning altar of Makhleb.
  5055 | D:5      | Found a sparkling altar of Nemelex Xobeh.
  5121 | D:5      | Reached skill level 9 in Long Blades
  5375 | D:5      | Reached skill level 4 in Fighting
  5486 | D:5      | HP: 11/54 [ogre/giant club (17)]
  5955 | D:5      | Reached XP level 9. HP: 33/60 MP: 9/9
  5966 | D:5      | Reached skill level 5 in Fighting
  6200 | D:5      | Noticed Edmund
  6223 | D:5      | Killed Edmund
  6518 | D:6      | Reached skill level 10 in Long Blades
  6674 | D:6      | Reached skill level 1 in Dodging
  6959 | D:6      | Noticed Eustachio
  6976 | D:6      | Killed Eustachio
  6976 | D:6      | Reached skill level 4 in Armour
  6976 | D:6      | Reached skill level 2 in Dodging
  7069 | D:6      | Noticed Blork the orc
  7074 | D:6      | Killed Blork the orc
  7242 | D:7      | Reached skill level 3 in Dodging
  7284 | D:7      | Reached skill level 5 in Armour
  7496 | D:7      | Reached skill level 4 in Dodging
  7798 | D:7      | Got an ichor-stained quarterstaff
  7945 | D:7      | Reached XP level 10. HP: 68/68 MP: 10/10
  7986 | D:7      | Reached skill level 6 in Armour
  7986 | D:7      | Reached skill level 5 in Dodging
  8025 | D:7      | Found a staircase to the Ecumenical Temple.
  8047 | Temple   | Entered the Ecumenical Temple
  8076 | Temple   | Became a worshipper of Warmaster Okawaru
  8296 | D:8      | Found a glowing golden altar of the Shining One.
  8311 | D:8      | Reached skill level 6 in Dodging
  8370 | D:8      | Reached skill level 7 in Armour
  8667 | D:8      | Found a staircase to the Lair.
  8802 | D:8      | Identified a scroll of acquirement
  9047 | D:9      | Acquired Okawaru's first power
  9325 | D:9      | Reached skill level 7 in Dodging
  9396 | D:9      | Reached skill level 8 in Armour
  9477 | D:9      | HP: 5/67 [orc priest/divine providence (15)]
  9991 | D:10     | Entered Level 10 of the Dungeon
  9991 | D:10     | Found Vivefuh's Armour Emporium.
 10039 | D:10     | HP: 10/68 [troll (9)]
 10041 | D:10     | HP: 4/68 [something (4)]
 10258 | D:10     | Reached skill level 8 in Dodging
 10416 | D:10     | Noticed a hill giant
 10439 | D:9      | Killed a hill giant
 10439 | D:9      | Reached skill level 9 in Armour
 10439 | D:9      | Reached XP level 11. HP: 42/72 MP: 8/11
 10829 | D:10     | Reached skill level 9 in Dodging
 11002 | D:10     | Noticed a hill giant
 11015 | D:10     | Killed a hill giant
 11015 | D:10     | Reached skill level 10 in Armour
 11274 | D:10     | HP: 13/72 [something (9)]
 11283 | D:10     | Killed an unseen horror
 11283 | D:10     | Reached skill level 6 in Fighting
 11557 | D:10     | Noticed a hill giant
 11568 | D:10     | HP: 17/74 [hill giant/giant club (24)]
 11569 | D:10     | Killed a hill giant
 11569 | D:10     | Reached skill level 7 in Fighting
 11992 | D:10     | Noticed a wizard
 12001 | D:10     | Killed a wizard
 12291 | Lair:1   | Entered Level 1 of the Lair of Beasts
 12310 | Lair:1   | Reached skill level 8 in Fighting
 12499 | Lair:1   | Noticed Harold
 12530 | Lair:1   | Killed Harold
 12530 | Lair:1   | Reached skill level 9 in Fighting
 12530 | Lair:1   | Reached XP level 12. HP: 31/85 MP: 12/12
 13262 | Lair:2   | Found a labyrinth entrance.
 13271 | Lab      | Entered a labyrinth
 13378 | Lab      | Found an exit through the horrors of the Abyss.
 13482 | Lab      | Found an exit through the horrors of the Abyss.
 13545 | Lab      | Reached skill level 10 in Fighting
 13637 | Lab      | Noticed a minotaur
 13646 | Lab      | Killed a minotaur
 13651 | Lab      | Got a transparent rapier
 14113 | Lab      | Identified the +3 rapier "Joarph" {pierce, +Rage rF- rN+ Stlth+} (You found it in a labyrinth)
 14538 | Lair:2   | Noticed a seven-headed hydra
 14750 | Lair:2   | Reached skill level 11 in Fighting
 15448 | Lair:3   | Noticed Xiguana's ghost (powerful SpHu)
 15470 | Lair:3   | Killed Xiguana's ghost
 15720 | Lair:3   | Reached skill level 11 in Long Blades
 16120 | Lair:4   | Found a frozen archway.
 16259 | Lair:3   | Acquired Okawaru's second power
 16286 | IceCv    | Entered an ice cave
 16337 | IceCv    | Reached XP level 13. HP: 95/95 MP: 13/13
 16400 | IceCv    | Reached skill level 12 in Long Blades
 17308 | IceCv    | HP: 22/95 [something] (5)]
 17310 | IceCv    | HP: 10/95 [something] (1)]
 17627 | IceCv    | Reached skill level 13 in Long Blades
 17638 | IceCv    | Got a faintly glowing short sword
 17642 | IceCv    | Identified the +8 short sword of Dissent {pierce, rC- MR+ Str+3 Int+2} (You found it in an ice cave)
 18616 | Lair:5   | Reached skill level 14 in Long Blades
 19076 | Lair:6   | Received a gift from Okawaru
 19147 | Lair:6   | Reached skill level 1 in Stealth
 19163 | Lair:6   | Reached skill level 2 in Stealth
 19303 | Lair:6   | Reached skill level 3 in Stealth
 19350 | Lair:6   | Reached skill level 4 in Stealth
 19612 | Lair:6   | Reached skill level 5 in Stealth
 19759 | Lair:6   | Reached XP level 14. HP: 96/101 MP: 14/14
 19807 | Lair:6   | Reached skill level 6 in Stealth
 19958 | Lair:6   | Found a hole to the Spider Nest.
 20172 | Lair:7   | Reached skill level 7 in Stealth
 20217 | Lair:7   | Noticed Snorg
 20273 | Lair:6   | Reached skill level 1 in Invocations
 20415 | Lair:7   | Killed Snorg
 20415 | Lair:7   | Reached skill level 2 in Invocations
 20466 | Lair:8   | Entered Level 8 of the Lair of Beasts
 20758 | Lair:7   | Reached skill level 3 in Invocations
 20862 | Lair:7   | Reached skill level 8 in Stealth
 21061 | Lair:8   | Reached skill level 4 in Invocations
 21387 | Lair:8   | Reached skill level 9 in Stealth
 21387 | Lair:8   | Reached skill level 5 in Invocations
 21784 | Lair:8   | Reached skill level 6 in Invocations
 21823 | Lair:8   | Reached skill level 10 in Stealth
 22008 | Lair:8   | Found a viscous altar of Jiyva.
 22008 | Lair:8   | Found a staircase to the Slime Pits.
 22131 | Lair:8   | Reached skill level 7 in Invocations
 22346 | Lair:8   | Received a gift from Okawaru
 22392 | Lair:8   | Reached XP level 15. HP: 54/107 MP: 16/20
 22413 | Lair:8   | Reached skill level 10 in Dodging
 22973 | Lair:8   | Reached skill level 11 in Armour
 23511 | D:10     | Noticed a large abomination
 23519 | D:10     | Killed a large abomination
 23539 | D:10     | Noticed a large abomination
 23546 | D:10     | Killed a large abomination
 23683 | D:10     | Noticed a lindwurm
 24412 | D:11     | Found a staircase to the Orcish Mines.
 24619 | Orc:1    | Entered Level 1 of the Orcish Mines
 24622 | Orc:1    | Found Aczas's Book Shop.
 24625 | Orc:1    | Noticed Erolcha
 24682 | Orc:1    | Killed Erolcha
 24724 | Orc:1    | Found a roughly hewn altar of Beogh.
 24753 | Orc:1    | Noticed Urug
 24761 | Orc:1    | Killed Urug
 24761 | Orc:1    | Received a gift from Okawaru
 24990 | Orc:2    | Found Qaocowkea's Antique Armour Shoppe.
 25226 | Orc:2    | Noticed an orc warlord
 25238 | Orc:2    | Noticed Gastronok
 25258 | Orc:1    | Killed an orc warlord
 25258 | Orc:1    | Reached skill level 11 in Dodging
 25659 | Orc:2    | Killed Gastronok
 25840 | Orc:3    | Found a burning altar of Makhleb.
 25909 | Orc:3    | Reached skill level 12 in Fighting
 26461 | Orc:3    | Noticed Josephine
 26503 | Orc:3    | Killed Josephine
 26624 | Orc:3    | Found Arrefe's Magic Scroll Shop.
 26631 | Orc:3    | Bought a scroll of identify for 34 gold pieces
 26631 | Orc:3    | Bought a scroll of teleportation for 51 gold pieces
 26631 | Orc:3    | Bought a scroll of identify for 34 gold pieces
 26631 | Orc:3    | Bought a scroll of fog for 34 gold pieces
 26631 | Orc:3    | Bought a scroll of identify for 34 gold pieces
 26631 | Orc:3    | Bought a scroll of remove curse for 51 gold pieces
 26721 | Orc:4    | Entered Level 4 of the Orcish Mines
 26782 | Orc:4    | Found a staircase to the Elven Halls.
 26809 | Orc:4    | HP: 27/108 [ogre mage/bolt of lightning (31)]
 27134 | Orc:4    | Paralysed by an ogre mage for 3 turns
 27161 | Orc:4    | Reached skill level 12 in Armour
 27836 | Orc:4    | Found Pimeuxt's Antique Armour Shoppe.
 27836 | Orc:4    | Found Qiosh's Jewellery Boutique.
 27836 | Orc:4    | Found Zexteiv's Jewellery Boutique.
 27836 | Orc:4    | Found Vet Maf's Weapon Emporium.
 27842 | Orc:4    | Bought a pair of embroidered boots for 139 gold pieces
 27843 | Orc:4    | Bought an uncursed amulet of clarity for 240 gold pieces
 27843 | Orc:4    | Bought an uncursed ring of poison resistance for 240 gold pieces
 27909 | Orc:4    | Bought the macabre finger necklace {Ward rN+} for 286 gold pieces
 27909 | Orc:4    | Bought an uncursed amulet of resist mutation for 520 gold pieces
 28224 | Orc:4    | Received a gift from Okawaru
 28225 | Orc:4    | Reached XP level 16. HP: 115/115 MP: 19/21
 28247 | Orc:4    | Found a bloodstained altar of Trog.
 28295 | Elf:1    | Entered Level 1 of the Elven Halls
 28611 | Elf:1    | Found a portal to a secret trove of treasure.
 28633 | Elf:1    | Reached skill level 12 in Dodging
 29280 | Elf:1    | Received a gift from Okawaru
 29611 | Elf:1    | Reached skill level 13 in Fighting
 29777 | Elf:1    | Reached skill level 13 in Armour
 30727 | Elf:2    | Found a large runed door.
 30727 | Elf:2    | Found a large runed door.
 30753 | Elf:2    | Reached skill level 13 in Dodging
 30754 | Elf:2    | Found a large runed door.
 30754 | Elf:2    | Found a large runed door.
 31723 | Elf:2    | Reached XP level 17. HP: 105/123 MP: 22/22
 32214 | Orc:4    | Bought a glowing buckler for 139 gold pieces
 32427 | D:12     | Noticed an unseen horror
 32663 | D:12     | Noticed Maurice
 32704 | D:12     | Noticed Nergalle
 32830 | D:12     | Reached skill level 14 in Armour
 33054 | D:12     | Killed an unseen horror
 33138 | D:12     | Killed Nergalle
 33651 | D:13     | Reached skill level 14 in Dodging
 33742 | D:13     | Noticed Sonja
 33749 | D:13     | Killed Sonja
 34361 | D:14     | Found a bloodstained altar of Trog.
 34376 | D:14     | Noticed Nessos
 34388 | D:14     | Killed Nessos
 34388 | D:14     | Reached skill level 14 in Fighting
 34646 | D:14     | Noticed Frances
 34652 | D:14     | Killed Frances
 34723 | D:14     | Found a gate to the Vaults.
 35089 | D:15     | Entered Level 15 of the Dungeon
 35131 | D:15     | Reached skill level 15 in Armour
 35219 | D:15     | Received a gift from Okawaru
 35445 | Elf:1    | You paid a toll of a +5 demon trident to enter a treasure trove
 35446 | Trove    | Entered a treasure trove
 35463 | Trove    | Got an ancient lead amulet
 35465 | Trove    | Identified the amulet "Becedye" {Clar rF- rN+ Dex+6} (You found it in a treasure trove)
 35472 | Trove    | Got a steaming war axe
 35782 | D:15     | Found a staircase to the Depths.
 36249 | D:15     | Reached XP level 18. HP: 132/132 MP: 21/23
 36831 | Lair:5   | Reached skill level 4 in Shields
 36947 | Lair:5   | Found a staircase to the Shoals.
 37117 | Spider:1 | Entered Level 1 of the Spider Nest
 37171 | Spider:1 | Reached skill level 1 in Evocations
 37278 | Spider:1 | Received a gift from Okawaru
 37279 | Spider:1 | Got a pair of twisted gloves {god gift}
 37290 | Spider:1 | Identified the +0 pair of gloves of the Turtledove {Str+4} (Okawaru gifted it to you on level 1 of the Spider Nest)
 37483 | Spider:1 | Reached skill level 2 in Evocations
 37631 | Spider:1 | Reached skill level 11 in Stealth
 37981 | Spider:2 | Reached skill level 3 in Evocations
 39199 | Spider:3 | Reached skill level 4 in Evocations
 39559 | Spider:4 | Entered Level 4 of the Spider Nest
 39559 | Spider:4 | Noticed Louise
 39591 | Spider:4 | Reached skill level 12 in Stealth
 39591 | Spider:4 | Reached skill level 5 in Evocations
 39596 | Spider:4 | Killed Louise
 39962 | Spider:4 | Reached skill level 6 in Evocations
 40059 | Spider:4 | Received a gift from Okawaru
 40555 | Spider:4 | Reached skill level 7 in Evocations
 40616 | Spider:4 | Reached skill level 13 in Stealth
 40622 | Spider:4 | Got a gossamer rune of Zot
 40830 | Shoals:1 | Entered Level 1 of the Shoals
 41058 | Shoals:1 | HP: 33/132 [poisoned by a merfolk impaler]
 41059 | Shoals:1 | HP: 16/132 [merfolk/trident (5)]
 41077 | Shoals:1 | HP: 24/132 [drowned by a drowned soul[a merfolk avatar] (15)]
 41077 | Shoals:1 | HP: 7/132 [drowned by a drowned soul[a merfolk avatar] (17)]
 41085 | Shoals:1 | HP: 30/132 [drowned by a drowned soul[a merfolk avatar] (13)]
 41432 | Shoals:1 | Noticed Amnekian's ghost (mighty TrWr)
 41782 | Vaults:1 | Entered Level 1 of the Vaults
 41803 | Vaults:1 | Reached XP level 19. HP: 137/137 MP: 24/24
 41831 | Vaults:1 | Reached skill level 8 in Evocations
 42763 | Vaults:1 | Reached skill level 15 in Dodging
 42769 | Vaults:1 | HP: 29/137 [deep troll[an ironheart preserver] (12)]
 43262 | Vaults:1 | Cast into the Abyss (an ogre mage)
 43283 | Vaults:1 | Escaped the Abyss
 43656 | Vaults:1 | Found Waimexi's Gadget Shop.
 43921 | Vaults:2 | Received a gift from Okawaru
 44093 | Vaults:2 | Noticed a tentacled monstrosity
 44112 | Vaults:2 | Killed a tentacled monstrosity
 44213 | Vaults:2 | Reached skill level 15 in Long Blades
 44251 | Vaults:2 | HP: 25/138 [vault guard/battleaxe[a vault warden] (28)]
 44262 | Vaults:2 | HP: 19/138 [two-headed ogre/dire flail[an ogre mage] (9)]
 44745 | Vaults:2 | Noticed trantor's ghost (mighty HEHu)
 44817 | Vaults:2 | HP: 26/138 [trantor's ghost (20)]
 44822 | Vaults:2 | Killed trantor's ghost
 45223 | Vaults:2 | Reached XP level 20. HP: 120/144 MP: 26/26
 45727 | Vaults:2 | Reached skill level 16 in Long Blades
 45825 | Vaults:2 | Received a gift from Okawaru
 45846 | Vaults:2 | Identified a +2 pair of boots of running (Okawaru gifted it to you on level 2 of the Vaults)
 45997 | Vaults:2 | Reached skill level 15 in Fighting
 46003 | Vaults:2 | Reached skill level 16 in Armour
 46252 | Vaults:2 | HP: 36/145 [fire vortex[a salamander stormcaller] (5)]
 46257 | Vaults:2 | HP: 26/145 [burnt (4)]
 48818 | Shoals:1 | Killed Amnekian's ghost
 48880 | Shoals:1 | Reached skill level 16 in Dodging
 49225 | Shoals:2 | Cast into the Abyss (the power of Zot)
 49300 | Abyss:1  | Found a corrupted altar of Lugonu.
 49624 | Abyss:3  | Found a corrupted altar of Lugonu.
 49745 | Abyss:3  | Noticed a bone dragon
 49772 | Abyss:3  | Killed a bone dragon
 49801 | Abyss:3  | Noticed a bone dragon
 49807 | Abyss:3  | Noticed an ancient lich
 49946 | Abyss:3  | Found a corrupted altar of Lugonu.
 50088 | Shoals:2 | Escaped the Abyss
 50493 | Shoals:4 | Entered Level 4 of the Shoals
 50537 | Shoals:4 | Noticed Ilsuiw
 50560 | Shoals:4 | Reached skill level 17 in Armour
 50564 | Shoals:4 | Killed Ilsuiw
 50564 | Shoals:4 | Reached XP level 21. HP: 141/153 MP: 21/27
 50573 | Shoals:4 | Received a gift from Okawaru
 50614 | Shoals:4 | Got a distressingly furry robe {god gift}
 50615 | Shoals:4 | Identified the +1 robe of the Fifty Cities {+Fly Dex+5} (Okawaru gifted it to you on level 4 of the Shoals)
 51717 | Shoals:4 | Got a barnacled rune of Zot
 51955 | Shoals:4 | Reached skill level 16 in Fighting
 52048 | Shoals:4 | HP: 34/153 [drowned by a drowned soul[a merfolk avatar] (12)]
 52578 | Shoals:3 | Got a pair of ancient gloves
 52579 | Shoals:3 | Identified the +0 pair of gloves of Tiujal {rC+ rCorr} (You found it on level 3 of the Shoals)
 52637 | Shoals:3 | Found a runed door.
 52658 | Shoals:3 | Reached skill level 17 in Dodging
 53771 | D:12     | Killed Maurice
 54126 | Vaults:3 | Noticed Boris
 55228 | Vaults:3 | Got a sparkling amber ring
 55283 | Vaults:3 | Killed Boris
 55290 | Vaults:3 | Reached XP level 22. HP: 116/162 MP: 28/28
 55508 | Vaults:3 | Identified the ring "Firghiwe" {rElec MR+ MP+9 Dex+6} (You found it on level 3 of the Vaults)
 55513 | Vaults:3 | Found a staircase to the Crypt.
 55826 | Vaults:3 | Reached skill level 17 in Long Blades
 56110 | Vaults:3 | Reached skill level 17 in Fighting
 56471 | Elf:3    | Entered Level 3 of the Elven Halls
 56537 | Elf:3    | Found Movvoywi's Antique Armour Emporium.
 56545 | Elf:3    | Found Yhael's Antique Weapon Emporium.
 56574 | Elf:3    | Found a magical portal.
 56594 | WizLab   | Entered Lehudib's Moon Base
 56636 | WizLab   | MackTheKnife: These places are so interesting
 56998 | WizLab   | Got a slimy marble ring
 56999 | WizLab   | Identified the ring "Naluhadi" {rC+ MR+ Dex-2 Slay+6} (You found it in a wizard's laboratory)
 57087 | WizLab   | Received a gift from Okawaru
 57234 | WizLab   | Gained mutation: You are weak. (Str -2) [a cacodemon]
 57246 | WizLab   | Paralysed by accursed screaming for 1 turns
 57464 | WizLab   | Lost mutation: You are weak. (Str -2) [potion of cure mutation]
 58154 | WizLab   | Identified a +8 rod of destruction (13/13) (You found it in a wizard's laboratory)
 58157 | WizLab   | Got a warped scimitar
 58158 | WizLab   | Identified the +3 scimitar of Extremism {slice, rPois rC+ Int+2 Dex+3} (You found it in a wizard's laboratory)
 58353 | WizLab   | Reached skill level 18 in Long Blades
 58366 | WizLab   | Identified Lehudib's Incunabulum of Battle Magic
 58670 | Elf:3    | Found Peesham's Jewellery Shop.
 58713 | Elf:3    | Found Estrir Ucsosk's Antique Weapon Shop.
 58824 | Elf:3    | Found Ymmawner's Jewellery Shoppe.
 58857 | Elf:3    | Bought a cursed amulet of inaccuracy for 26 gold pieces
 58998 | Elf:3    | Reached skill level 18 in Fighting
 59029 | Elf:3    | Reached XP level 23. HP: 145/171 MP: 29/29
 59117 | Elf:3    | HP: 42/171 [deep elf blademaster/rapier (6)]
 59585 | Elf:3    | Got an ivory trident
 59589 | Elf:3    | Got a brightly glowing iron amulet
 59654 | Elf:3    | Identified the amulet "Xuluvvoqopn" {rCorr +Blink rPois Str+4 Slay-5} (You took it off a deep elf blademaster on level 3 of the Elven Halls)
 59701 | Elf:3    | Got a twitching brass ring
 59795 | Elf:3    | Identified the ring of the Evening {*Confuse +Blink rPois rF+} (You took it off a deep elf high priest on level 3 of the Elven Halls)
 59801 | Elf:3    | Identified The Lost Secrets of Witchcraft
 59807 | Elf:3    | Got a scorched helmet
 59836 | Elf:3    | Got a smoking tin ring
 59837 | Elf:3    | Identified the +2 helmet of the Engineer {Int+4} (You found it on level 3 of the Elven Halls)
 59839 | Elf:3    | Identified the ring of Gluttony {rF++ Stlth+} (You found it on level 3 of the Elven Halls)
 59865 | Elf:3    | Got a bloodstained falchion
 59866 | Elf:3    | Identified the +8 falchion of Cafeow {slice, MR+ MP+9 Int+2} (You found it on level 3 of the Elven Halls)
 59887 | Elf:3    | Got a faintly glowing whip
 60272 | Vaults:4 | Noticed Wiglaf
 60316 | Vaults:4 | Got a fine dagger
 60479 | Vaults:4 | Received a gift from Okawaru
 60985 | Vaults:4 | Noticed Agnes
 61078 | Vaults:4 | Reached skill level 18 in Armour
 61323 | Vaults:4 | Killed Wiglaf
 61467 | Vaults:4 | Killed Agnes
 61876 | Vaults:5 | Entered Level 5 of the Vaults
 61933 | Vaults:5 | Reached skill level 18 in Dodging
 62164 | Vaults:5 | Noticed Jory
 62168 | Vaults:5 | HP: 41/172 [deep elf annihilator/iron shot (30)]
 62622 | Vaults:5 | Reached XP level 24. HP: 156/179 MP: 29/29
 62639 | Vaults:5 | Reached skill level 19 in Dodging
 62944 | Vaults:5 | Noticed an ancient lich
 62969 | Vaults:5 | Killed an ancient lich
 62969 | Vaults:5 | Received a gift from Okawaru
 63241 | Vaults:5 | Identified the Disquisition on Hurtful Shape Shifting
 63388 | Vaults:5 | Reached skill level 20 in Dodging
 63682 | Vaults:5 | HP: 35/179 [tengu reaver/glaive (24)]
 64043 | Vaults:5 | Got a smoking iron ring
 64045 | Vaults:5 | Identified the ring "Miekom" {rC+ Int+4 SInv} (You took it off an ironheart preserver on level 5 of the Vaults)
 64217 | Vaults:5 | Got an uncursed transparent broad axe {venom}
 64679 | Vaults:5 | Reached skill level 21 in Dodging
 64876 | Vaults:5 | Found Ikhit's Food Shop.
 64883 | Vaults:5 | Found Huxorch's Food Emporium.
 64901 | Vaults:5 | Got a silver rune of Zot
 64910 | Vaults:5 | Found Seonto's Distillery.
 64915 | Vaults:5 | Bought a potion of might for 76 gold pieces
 64915 | Vaults:5 | Bought a potion of heal wounds for 95 gold pieces
 64915 | Vaults:5 | Bought a potion of might for 76 gold pieces
 64915 | Vaults:5 | Bought a potion of might for 76 gold pieces
 64915 | Vaults:5 | Bought a potion of might for 76 gold pieces
 65323 | Depths:1 | Entered Level 1 of the Depths
 65378 | Depths:1 | Reached skill level 14 in Stealth
 65519 | Depths:1 | Reached XP level 25. HP: 183/185 MP: 29/29
 65871 | Depths:1 | Found a gateway to Hell.
 65877 | Depths:1 | Learned a level 3 spell: Regeneration
 65895 | Depths:1 | Found a one-way gate leading to the halls of Pandemonium.
 65957 | Depths:1 | Cast into the Abyss (ogre mage)
 66048 | Abyss:1  | Reached skill level 19 in Fighting
 66130 | Abyss:1  | HP: 45/186 [burnt (3)]
 66135 | Abyss:1  | HP: 35/186 [burnt (4)]
 66140 | Abyss:1  | HP: 33/186 [burnt (2)]
 66145 | Abyss:1  | HP: 21/186 [burnt (3)]
 66150 | Abyss:1  | HP: 33/186 [burnt (3)]
 66158 | Abyss:1  | HP: 40/186 [Hell Sentinel/blast of hellfire[a lich] (17)]
 66164 | Abyss:1  | HP: 41/186 [???[a lich] (30)]
 66171 | Abyss:1  | HP: 39/186 [Ice Fiend[a lich] (14)]
 66803 | Abyss:1  | Noticed an ancient lich
 67019 | Abyss:1  | Reached skill level 15 in Stealth
 67074 | Abyss:1  | Found a shimmering altar of Xom.
 67074 | Abyss:1  | Found a shimmering altar of Xom.
 67075 | Abyss:1  | Found a shimmering altar of Xom.
 67075 | Abyss:1  | Found a shimmering altar of Xom.
 67075 | Abyss:1  | Found a shimmering altar of Xom.
 67075 | Abyss:1  | Found a corrupted altar of Lugonu.
 67077 | Abyss:1  | Found a shimmering altar of Xom.
 67078 | Abyss:1  | Found a shimmering altar of Xom.
 67079 | Abyss:1  | Found a shimmering altar of Xom.
 67079 | Abyss:1  | Found a shimmering altar of Xom.
 67079 | Abyss:1  | Found a shimmering altar of Xom.
 67080 | Abyss:1  | Found a shimmering altar of Xom.
 67160 | Abyss:1  | Found a shimmering altar of Xom.
 67160 | Abyss:1  | Found a corrupted altar of Lugonu.
 67160 | Abyss:1  | Found a shimmering altar of Xom.
 67160 | Abyss:1  | Found a shimmering altar of Xom.
 67160 | Abyss:1  | Found a shimmering altar of Xom.
 67160 | Abyss:1  | Found a shimmering altar of Xom.
 67160 | Abyss:1  | Found a shimmering altar of Xom.
 67162 | Abyss:1  | Found a shimmering altar of Xom.
 67162 | Abyss:1  | Found a shimmering altar of Xom.
 67162 | Abyss:1  | Found a shimmering altar of Xom.
 67165 | Abyss:1  | Found a shimmering altar of Xom.
 67173 | Abyss:1  | Found a shimmering altar of Xom.
 67173 | Abyss:1  | Found a shimmering altar of Xom.
 67390 | Abyss:1  | Found a corrupted altar of Lugonu.
 67403 | Abyss:1  | Found a corrupted altar of Lugonu.
 67578 | Depths:1 | Escaped the Abyss
 67608 | Depths:1 | Reached skill level 16 in Stealth
 67937 | Depths:1 | Identified the Grimoire of Moulding
 68109 | Depths:1 | Reached skill level 17 in Stealth
 68211 | Depths:1 | Identified Iqinn's Tome of Destructive Venom
 68256 | Depths:1 | Received a gift from Okawaru
 68288 | Depths:1 | Identified the Almanac of Ice and Battle Magic (You found it on level 1 of the Depths)
 68458 | Depths:1 | Found a runed door.
 68806 | Depths:1 | Found a radiant altar of Vehumet.
 68806 | Depths:1 | Noticed Frederick
 68808 | Depths:1 | Found a runed door.
 68811 | Depths:1 | Killed Frederick
 68811 | Depths:1 | Reached skill level 18 in Stealth
 68836 | Depths:1 | HP: 37/186 [green draconian annihilator/poison arrow (26)]
 69432 | Depths:1 | Reached XP level 26. HP: 161/193 MP: 29/29
 69506 | Depths:1 | Identified the Almanac of Hexes
 69598 | Depths:1 | Reached skill level 19 in Stealth
 69616 | Depths:1 | Identified the Incunabulum of Displacement (You found it on level 1 of the Depths)
 70390 | Depths:2 | Reached skill level 9 in Evocations
 70473 | Depths:2 | Found a one-way gate to the infinite horrors of the Abyss.
 70985 | Depths:2 | Reached skill level 10 in Evocations
 71044 | Depths:2 | Received a gift from Okawaru
 71427 | Depths:2 | Got a bound tin ring
 71428 | Depths:2 | Identified the ring "Jularyph" {+/*Tele *Drain Int+4 Dex+2} (You found it on level 2 of the Depths)
 71583 | Depths:2 | Reached skill level 11 in Evocations
 71690 | Depths:3 | Received a gift from Okawaru
 71716 | Depths:3 | Got a translucent plate armour {god gift}
 71717 | Depths:3 | Identified the +6 plate armour of Optimism {rF+++ rN+ Int-3 Stlth-} (Okawaru gifted it to you on level 3 of the Depths)
 72001 | Depths:3 | Got a transparent scale mail
 72002 | Depths:3 | Identified the +11 scale mail of Intercession {rElec Str+6 Dex-3 Slay+2} (You found it on level 3 of the Depths)
 72143 | Depths:3 | Reached skill level 12 in Evocations
 72640 | Depths:3 | Reached skill level 13 in Evocations
 72753 | Depths:4 | Found Pemp's Antique Armour Emporium.
 72883 | Depths:4 | Reached XP level 27. HP: 173/198 MP: 33/33
 72941 | Depths:4 | Reached skill level 14 in Evocations
 73268 | Depths:4 | Found a corrupted altar of Lugonu.
 73749 | Depths:4 | Received a gift from Okawaru
 73752 | Depths:4 | Got a faintly glowing crystal plate armour {god gift}
 73754 | Depths:4 | Identified the +6 crystal plate armour of Okawaru's Favour {Int+5} (Okawaru gifted it to you on level 4 of the Depths)
 74070 | Depths:4 | Bought a crude chain mail for 389 gold pieces
 74070 | Depths:4 | Bought a transparent scale mail for 369 gold pieces
 74080 | Depths:4 | Identified the +0 chain mail of the Equator {*Drain rElec rC+++ Int-5} (You bought it in a shop on level 4 of the Depths)
 74091 | Depths:4 | Identified the +3 scale mail "Peucveo" {Int+3 Slay+2} (You bought it in a shop on level 4 of the Depths)
 74175 | Depths:5 | Entered Level 5 of the Depths
 74767 | Depths:5 | Found a gateway to a ziggurat.
 74769 | Depths:5 | Reached skill level 20 in Fighting
 75563 | Depths:5 | Found a gate to the Realm of Zot.
 76014 | Depths:5 | Reached skill level 21 in Fighting
 76869 | D:8      | Fell from the grace of Okawaru
 76869 | D:8      | Became a worshipper of the Shining One
 77194 | Crypt:1  | Entered Level 1 of the Crypt
 77244 | Crypt:1  | Acquired the Shining One's first power
 77315 | Crypt:1  | Acquired the Shining One's second power
 77315 | Crypt:1  | Reached skill level 8 in Invocations
 77341 | Crypt:1  | Found a basalt altar of Yredelemnul.
 77552 | Crypt:1  | HP: 46/205 [stone giant[the fury of Okawaru] (26)]
 77958 | Crypt:1  | Reached skill level 9 in Invocations
 77995 | Crypt:1  | Acquired the Shining One's third power
 78389 | Crypt:2  | Reached skill level 10 in Invocations
 78404 | Crypt:2  | Acquired the Shining One's fourth power
 78526 | Crypt:2  | Reached skill level 11 in Invocations
 78784 | Crypt:3  | Entered Level 3 of the Crypt
 78851 | Crypt:3  | Reached skill level 12 in Invocations
 78899 | Crypt:3  | Found a staircase to the Tomb.
 79230 | Crypt:3  | Reached skill level 13 in Invocations
 79377 | Crypt:3  | Got a dazzling hunting sling
 79381 | Crypt:3  | Found a basalt altar of Yredelemnul.
 79409 | Crypt:3  | Found an ancient bone altar of Kikubaaqudgha.
 79409 | Crypt:3  | Noticed a greater mummy
 79409 | Crypt:3  | Noticed Jorgrun
 79443 | Crypt:3  | Reached skill level 14 in Invocations
 79449 | Crypt:3  | Killed a greater mummy
 79459 | Crypt:3  | Killed Jorgrun
 79806 | Crypt:3  | Reached skill level 15 in Invocations
 80268 | Crypt:3  | HP: 42/205 [titan/the air[the fury of Okawaru] (25)]
 80489 | Crypt:3  | HP: 50/205 [titan[the fury of Okawaru] (37)]
 80495 | Crypt:3  | HP: 40/205 [stone giant[the fury of Okawaru] (13)]
 80499 | Crypt:3  | HP: 5/205 [titan[the fury of Okawaru] (18)]
 80500 | Crypt:3  | Hit by a large rock thrown by a stone giant

Vault maps used:
D:1:      evilmike_arrival_home_sweet_home
D:3:      first_bread, uniq_sigmund
D:5:      nemelex_deck, st_stairs_10, makhleb_blood_cavern_becter, uniq_edmund
D:6:      uniq_eustachio, uniq_blork_the_orc
D:7:      minmay_temple_entry_grid, grunt_livestock, kennysheep_another_room
D:8:      lair_0_dummy, nicolae_tso_besieged_by_evil
D:10:     lemuel_flame_loot_2, serial_shops, nicolae_shop_trees, laboratory
D:11:     orc_0_dummy
D:12:     lightli_minifort, uniq_maurice, uniq_nergalle
D:13:     uniq_sonja
D:14:     erik_vaults_2, basic_altar, spider_trap, uniq_frances, uniq_nessos
D:15:     grunt_enter_depths_hoard, hex_medium
Temple:   grunt_circular_temple_18
Lair:1:   uniq_harold
Lair:2:   enter_volcano_1, lab_entry_generic
Lair:4:   portal_ice_cave_entry_pillars_01, lemuel_fruit_tree,
          infiniplex_staircase_pool_2
Lair:5:   elwin_shoals_entry_rooms, grunt_megastairs_3
Lair:6:   nicolae_spider_entry_orb_guardian, grunt_megastairs_1
Lair:7:   uniq_snorg
Lair:8:   evilmike_catoblepas_cave, slime_altar_1, nicolae_quartered_pool_medium
Shoals:2: ldierk_geyser, nicolae_shoals_undead_eyrie, uniq_donald
Shoals:3: lightli_airlock
Shoals:4: shoals_end_hangedman, shoals_ilsuiw_alternative
Spider:3: hangedman_spider_tarantella_strand
Spider:4: guppyfry_spider_rune, uniq_louise
Orc:1:    basic_altar, serial_shops, nicolae_shop_waterfront, uniq_urug,
          uniq_erolcha
Orc:2:    serial_shops, nicolae_shop_stone, uniq_gastronok
Orc:3:    serial_shops, nicolae_shop_temple_entry_statues_fountains,
          basic_altar, nicolae_orc_pool_cavern, uniq_josephine
Orc:4:    st_orc_ogre_mass, trog_book
Elf:1:    enter_trove_5, hangedman_elven_crosses_minicolossus,
          grunt_megastairs_4
Elf:2:    grunt_megastairs_2
Elf:3:    minmay_elf_hall_x, serial_shops, nicolae_shop_behind_doors, shop,
          shop, shop, shop, infiniplex_enter_wizlab_water,
          hangedman_elven_ridges
Vaults:1: v_misc_8, vaults_room_grunt_arrival_checkpoint,
          grunt_vaults_hallway_short, vaults_room_fours,
          hangedman_vaults_capsules, v_pattern_1, vaults_room_stairs_pillars,
          serial_shops, shop
Vaults:2: nicolae_vaults_big_angled_halls, v_misc_29, ontoclasm_vaults_gallery,
          ontoclasm_vaults_fault, vaults_standard_mumra_enter_the_diamond,
          grunt_vaults_swirl, ontoclasm_vaults_shuriken, v_misc_26, v_misc_26,
          ontoclasm_vaults_eye
Vaults:3: minmay_crypt_entry_simple_box, v_misc_11, v_misc_19, v_rooms_1,
          nicolae_vaults_circle_grid_a, vaults_mumra_minichess_inversion,
          ontoclasm_vaults_misaligned, v_misc_17,
          nicolae_vaults_border_crossing, uniq_boris
Vaults:4: nicolae_vaults_asterisk, sword_in_stone, dpeg_vaults_monster_box,
          hangedman_vaults_slice, vaults_dpeg_hooks, v_misc_11,
          ontoclasm_vaults_decontamination
Vaults:5: uniq_jory
Crypt:1:  lemuel_vampire_tower, hangedman_summoners_spam
Crypt:2:  roderic_lattice_octagonal_star
Crypt:3:  lightli_unholy_cathedral, st_stairs_3, wad_floor_pattern_untrapped,
          lemuel_nasty_fountain, uniq_jorgrun
Depths:1: evilmike_halls_of_destruction, rand_demon_pan_entry_8,
          serial_hangedman_research, hangedman_research_thermodynamics,
          hangedman_research_probablistics, hangedman_research_pyrotechnics,
          hangedman_research_quantum, hangedman_research_metamorphosis,
          hell_entry, grunt_ministairs_5, minmay_holes, basic_loot_grate_trap,
          hangedman_research_toxicology
Depths:2: minmay_eyes, abyss_entry_small_statue_room, grunt_hell_horde,
          kennysheep_just_a_vault, infiniplex_staircase_door_maze
Depths:3: minmay_quantized_circle, pan_entry, hell_entry
Depths:4: mu_elephants_graveyard, serial_shops, nicolae_shop_window_shopping,
          kennysheep_flooded_box, abyss_entry_flame_altar,
          grunt_hell_entry_dis_grunt, nrook_kobold_shadow_demons,
          minmay_staircase_bubble
Depths:5: grunt_zot_entry_hairpin, enter_ziggurat_e, abandoned_shop,
          abyss_entry, hell_entry
Abyss:1:  hangedman_stitches_earthworm
Abyss:3:  due_exit_kobolds, evilmike_abyss_rune_tso_outpost
Lab:      labyrinth_hidden_loot, nicolae_lab_very_dead_end,
          nicolae_lab_checkerboard, nicolae_lab_flowing_pool, nicolae_lab_lava,
          labyrinth_fake_exit, nicolae_lab_hexagon, nicolae_lab_grate_2,
          nicolae_lab_arrow
Trove:    trove_garden
IceCv:    ice_cave_tombish
WizLab:   wizlab_lehudib

Action                   |  1- 3 |  4- 6 |  7- 9 | 10-12 | 13-15 | 16-18 | 19-21 | 22-24 | 25-27 || total
-------------------------+-------+-------+-------+-------+-------+-------+-------+-------+-------++-------
Melee: Long sword        |    95 |   159 |   403 |       |       |       |       |       |       ||   657
       Falchion          |       |       |    95 |   744 |  1884 |   846 |       |       |       ||  3569
       Demon blade       |       |       |       |       |       |   969 |   365 |       |       ||  1334
       Double sword      |       |       |       |       |       |       |  1718 |  1399 |  2791 ||  5908
 Fire: Blowgun           |       |       |     3 |       |       |       |       |       |       ||     3
Invok: Heroism           |       |       |       |    10 |    36 |    34 |    42 |    47 |    45 ||   214
       Finesse           |       |       |       |       |     5 |     2 |     5 |     3 |       ||    15
       Cleansing Flame   |       |       |       |       |       |       |       |       |    12 ||    12
       Summon Divine War |       |       |       |       |       |       |       |       |     1 ||     1
Evoke: Wand              |       |       |    10 |    10 |    20 |     3 |     6 |     7 |    29 ||    85
       Deck              |       |       |     3 |       |       |       |       |       |       ||     3
       Sack of spiders   |       |       |       |       |     2 |     2 |       |       |       ||     4
  Use: Potion            |       |     1 |     1 |     9 |     2 |    12 |     7 |    12 |     9 ||    53
       Scroll            |       |       |    12 |    23 |    12 |    15 |    11 |    21 |    18 ||   112
 Stab: Sleeping          |       |       |       |     4 |    33 |    64 |    25 |    22 |    37 ||   185
       Distracted        |       |       |       |       |    12 |     9 |     7 |    18 |    19 ||    65
       Held in net/web   |       |       |       |       |       |     2 |       |       |       ||     2
       Invisible         |       |       |       |       |       |       |       |       |     2 ||     2
  Eat: Chunk             |       |     5 |    16 |    14 |    13 |    16 |    20 |    11 |    12 ||   107
       Beef jerky        |       |       |     1 |     5 |     1 |     2 |       |     2 |     3 ||    14
       Royal jelly       |       |       |       |     1 |       |       |       |     1 |     1 ||     3
       Fruit             |       |       |       |     1 |       |       |       |       |       ||     1
       Bread ration      |       |       |       |     1 |     7 |     5 |     6 |     4 |     5 ||    28
       Meat ration       |       |       |       |       |       |     1 |       |     1 |     3 ||     5

Vault maps used:
D:1:      evilmike_arrival_home_sweet_home
D:3:      first_bread, uniq_sigmund
D:5:      nemelex_deck, st_stairs_10, makhleb_blood_cavern_becter, uniq_edmund
D:6:      uniq_eustachio, uniq_blork_the_orc
D:7:      minmay_temple_entry_grid, grunt_livestock, kennysheep_another_room
D:8:      lair_0_dummy, nicolae_tso_besieged_by_evil
D:10:     lemuel_flame_loot_2, serial_shops, nicolae_shop_trees, laboratory
D:11:     orc_0_dummy
D:12:     lightli_minifort, uniq_maurice, uniq_nergalle
D:13:     uniq_sonja
D:14:     erik_vaults_2, basic_altar, spider_trap, uniq_frances, uniq_nessos
D:15:     grunt_enter_depths_hoard, hex_medium
Temple:   grunt_circular_temple_18
Lair:1:   uniq_harold
Lair:2:   enter_volcano_1, lab_entry_generic
Lair:4:   portal_ice_cave_entry_pillars_01, lemuel_fruit_tree,
          infiniplex_staircase_pool_2
Lair:5:   elwin_shoals_entry_rooms, grunt_megastairs_3
Lair:6:   nicolae_spider_entry_orb_guardian, grunt_megastairs_1
Lair:7:   uniq_snorg
Lair:8:   evilmike_catoblepas_cave, slime_altar_1, nicolae_quartered_pool_medium
Shoals:2: ldierk_geyser, nicolae_shoals_undead_eyrie, uniq_donald
Shoals:3: lightli_airlock
Shoals:4: shoals_end_hangedman, shoals_ilsuiw_alternative
Spider:3: hangedman_spider_tarantella_strand
Spider:4: guppyfry_spider_rune, uniq_louise
Orc:1:    basic_altar, serial_shops, nicolae_shop_waterfront, uniq_urug,
          uniq_erolcha
Orc:2:    serial_shops, nicolae_shop_stone, uniq_gastronok
Orc:3:    serial_shops, nicolae_shop_temple_entry_statues_fountains,
          basic_altar, nicolae_orc_pool_cavern, uniq_josephine
Orc:4:    st_orc_ogre_mass, trog_book
Elf:1:    enter_trove_5, hangedman_elven_crosses_minicolossus,
          grunt_megastairs_4
Elf:2:    grunt_megastairs_2
Elf:3:    minmay_elf_hall_x, serial_shops, nicolae_shop_behind_doors, shop,
          shop, shop, shop, infiniplex_enter_wizlab_water,
          hangedman_elven_ridges
Vaults:1: v_misc_8, vaults_room_grunt_arrival_checkpoint,
          grunt_vaults_hallway_short, vaults_room_fours,
          hangedman_vaults_capsules, v_pattern_1, vaults_room_stairs_pillars,
          serial_shops, shop
Vaults:2: nicolae_vaults_big_angled_halls, v_misc_29, ontoclasm_vaults_gallery,
          ontoclasm_vaults_fault, vaults_standard_mumra_enter_the_diamond,
          grunt_vaults_swirl, ontoclasm_vaults_shuriken, v_misc_26, v_misc_26,
          ontoclasm_vaults_eye
Vaults:3: minmay_crypt_entry_simple_box, v_misc_11, v_misc_19, v_rooms_1,
          nicolae_vaults_circle_grid_a, vaults_mumra_minichess_inversion,
          ontoclasm_vaults_misaligned, v_misc_17,
          nicolae_vaults_border_crossing, uniq_boris
Vaults:4: nicolae_vaults_asterisk, sword_in_stone, dpeg_vaults_monster_box,
          hangedman_vaults_slice, vaults_dpeg_hooks, v_misc_11,
          ontoclasm_vaults_decontamination
Vaults:5: uniq_jory
Crypt:1:  lemuel_vampire_tower, hangedman_summoners_spam
Crypt:2:  roderic_lattice_octagonal_star
Crypt:3:  lightli_unholy_cathedral, st_stairs_3, wad_floor_pattern_untrapped,
          lemuel_nasty_fountain, uniq_jorgrun
Depths:1: evilmike_halls_of_destruction, rand_demon_pan_entry_8,
          serial_hangedman_research, hangedman_research_thermodynamics,
          hangedman_research_probablistics, hangedman_research_pyrotechnics,
          hangedman_research_quantum, hangedman_research_metamorphosis,
          hell_entry, grunt_ministairs_5, minmay_holes, basic_loot_grate_trap,
          hangedman_research_toxicology
Depths:2: minmay_eyes, abyss_entry_small_statue_room, grunt_hell_horde,
          kennysheep_just_a_vault, infiniplex_staircase_door_maze
Depths:3: minmay_quantized_circle, pan_entry, hell_entry
Depths:4: mu_elephants_graveyard, serial_shops, nicolae_shop_window_shopping,
          kennysheep_flooded_box, abyss_entry_flame_altar,
          grunt_hell_entry_dis_grunt, nrook_kobold_shadow_demons,
          minmay_staircase_bubble
Depths:5: grunt_zot_entry_hairpin, enter_ziggurat_e, abandoned_shop,
          abyss_entry, hell_entry
Abyss:1:  hangedman_stitches_earthworm
Abyss:3:  due_exit_kobolds, evilmike_abyss_rune_tso_outpost
Lab:      labyrinth_hidden_loot, nicolae_lab_very_dead_end,
          nicolae_lab_checkerboard, nicolae_lab_flowing_pool, nicolae_lab_lava,
          labyrinth_fake_exit, nicolae_lab_hexagon, nicolae_lab_grate_2,
          nicolae_lab_arrow
Trove:    trove_garden
IceCv:    ice_cave_tombish
WizLab:   wizlab_lehudib

Table legend:
 A = Turns spent in this place as a percentage of turns spent in the entire game.
 B = Non-inter-level travel turns spent in this place as a percentage of non-inter-level travel turns spent in the entire game.
 C = Inter-level travel turns spent in this place as a percentage of turns spent in this place.
 D = Turns resting spent in this place as a percentage of non-inter-level travel turns spent in this place.
 E = Turns spent auto-exploring this place as a percentage of non-inter-level travel turns spent in this place.
 F = Non-inter-level travel turns spent in this place divided by the number of levels of this place that you've seen.
                   A       B       C       D       E      F
               +-------+-------+-------+-------+-------+----------------------
         Total | 100.0 | 100.0 |   0.4 |   2.8 |   3.8 | 538.6
       Dungeon |  16.2 |  16.2 |   0.9 |   2.7 |   7.9 | 354.1
        Temple |   0.1 |   0.1 |   0.0 |   0.0 |   0.0 |  49.0
          Lair |  11.7 |  11.7 |   0.6 |   1.9 |   3.9 | 480.9
        Shoals |   7.1 |   7.1 |   0.0 |   5.0 |   0.3 | 583.0
   Spider Nest |   4.5 |   4.5 |   0.8 |   1.2 |   5.5 | 369.0
  Orcish Mines |   4.6 |   4.5 |   0.7 |   3.0 |   7.6 | 373.2
   Elven Halls |   7.8 |   7.8 |   0.5 |   2.0 |   3.4 | 857.7
        Vaults |  15.4 |  15.4 |   0.4 |   4.1 |   4.3 | 1011.4
         Crypt |   5.5 |   5.6 |   0.0 |   2.0 |   1.1 | 610.0
        Depths |  14.5 |  14.5 |   0.2 |   2.1 |   2.9 | 952.4
         Abyss |   6.7 |   6.7 |   0.0 |   3.8 |   0.2 | 439.4
     Labyrinth |   1.2 |   1.2 |   0.0 |   2.4 |   0.0 | 380.0
         Trove |   0.2 |   0.2 |   0.0 |   0.0 |   0.0 |  62.0
      Ice Cave |   1.5 |   1.5 |   0.0 |   3.2 |   0.2 | 503.0
        Wizlab |   3.0 |   3.0 |   0.0 |   3.0 |   0.3 | 984.0
               +-------+-------+-------+-------+-------+----------------------

Table legend:
 A = Kills in this place as a percentage of kills in entire the game.
 B = Kills by you in this place as a percentage of kills by you in the entire game.
 C = Kills by friends in this place as a percentage of kills by friends in the entire game.
 D = Other kills in this place as a percentage of other kills in the entire game.
 E = Experience gained in this place as a percentage of experience gained in the entire game.
 F = Experience gained in this place divided by the number of levels of this place that you have seen.
                   A       B       C       D       E      F
               +-------+-------+-------+-------+-------+----------------------
         Total | 100.0 | 100.0 | 100.0 | 100.0 | 100.0 | 21598.6
       Dungeon |  16.6 |  16.8 |   0.0 |   0.0 |   5.1 | 4450.9
          Lair |  11.2 |  11.3 |   0.0 |   0.0 |   4.9 | 7990.9
        Shoals |   4.5 |   4.5 |   0.0 |   4.3 |   5.0 | 16394.5
   Spider Nest |   5.5 |   5.3 |  80.0 |   0.0 |   4.1 | 13504.8
  Orcish Mines |   7.1 |   7.2 |   0.0 |   4.3 |   1.8 | 5773.5
   Elven Halls |   6.2 |   6.2 |   0.0 |   8.7 |   8.7 | 38168.7
        Vaults |  17.1 |  17.2 |  10.0 |  13.0 |  24.8 | 65458.0
         Crypt |   7.1 |   7.2 |   0.0 |   0.0 |   9.5 | 41510.0
        Depths |  17.4 |  17.6 |  10.0 |   0.0 |  27.0 | 71055.0
         Abyss |   3.3 |   3.4 |   0.0 |   0.0 |   4.2 | 11155.8
     Labyrinth |   0.3 |   0.3 |   0.0 |   0.0 |   0.2 | 2963.0
      Ice Cave |   0.9 |   0.9 |   0.0 |   0.0 |   0.4 | 5525.0
        Wizlab |   2.8 |   2.2 |   0.0 |  69.6 |   4.4 | 58264.0
               +-------+-------+-------+-------+-------+----------------------
